 Dungeon Crawl Stone Soup version 0.28.0 (webtiles) character file.

Game seed: 17547065569463889589

137 blackman the Slasher (level 5, -4/41 HPs)
             Began as a Human Monk on Feb 5, 2022.
             Slain by Crazy Yiuf (7 damage)
             ... on level 2 of the Dungeon.
             The game lasted 00:07:14 (2156 turns).

blackman the Slasher (Human Monk)                   Turns: 2156, Time: 00:07:15

Health: -4/41      AC:  5    Str: 13    XL:     5   Next: 43%
Magic:  5/5        EV: 11    Int: 11    God:
Gold:   85         SH:  0    Dex: 15    Spells: 4/4 levels left

rFire   . . .      SeeInvis .   i - +4 quarterstaff (spect)
rCold   . . .      Faith    .   (shield currently unavailable)
rNeg    . . .      Spirit   .   h - +0 ring mail
rPois   .          Reflect  .   (no helmet)
rElec   .          Harm     .   (no cloak)
rCorr   .          Rampage  .   (no gloves)
Will    .....                   (no boots)
Stlth   +.........              (no amulet)
HPRegen 0.13/turn               (no ring)
MPRegen 0.09/turn               (no ring)

@: no status effects
A: no striking features
a: no special abilities


You were on level 2 of the Dungeon.
You visited 1 branch of the dungeon, and saw 2 of its levels.

You collected 85 gold pieces.

Inventory:

Hand Weapons
 a - a +0 falchion
 c - a +0 whip
 g - a +0 war axe
 i - a +4 spectral quarterstaff (weapon)
 l - the +9 mace of Currency {vorpal, Drain rElec rF++}
   (You found it on level 2 of the Dungeon)

   It inflicts extra damage upon your enemies.
   rF:        It greatly protects you from fire.
   rElec:     It insulates you from electricity.
   Drain:     It drains your maximum health when unequipped.
Armour
 b - a +0 robe
 d - a +0 leather armour
 h - a +0 ring mail (worn)
Scrolls
 e - a scroll of vulnerability {unknown}
 j - a scroll of amnesia {unknown}
 k - a scroll of immolation {unknown}
Potions
 f - a potion of curing {unknown}


   Skills:
 - Level 3.0 Fighting
 - Level 5.7 Long Blades
 * Level 0.1 Staves
 - Level 3.0 Dodging
 - Level 2.0 Stealth


You had 4 spell levels left.
You didn't know any spells.
Your spell library was empty.

Dungeon Overview and Level Annotations

Branches:
Dungeon (2/15)

Altars:

Annotations:
D:2 Crazy Yiuf


Message History

You see here the +9 mace of Currency {vorpal, Drain rElec rF++}.
You see here a +1 mace of protection.
You see here a +0 mace.
You see here a +0 mace.
You see here the +9 mace of Currency {vorpal, Drain rElec rF++}.
l - the +9 mace of Currency {vorpal, Drain rElec rF++} You see here a +0 mace.
You see here a +0 mace.
Found a mace.
Found a runed translucent door.
You see here a +0 mace.
You see here a +0 mace.
You see here a +0 mace.
You see here a +0 mace.
You see here a +2 mace of draining.
You see here a +1 mace of protection.
You see here a +0 mace.
You see here a +0 mace.
Crazy Yiuf whimpers, "Blight meccalolo hand!"
Crazy Yiuf says, "Crazy?
Crazy!?
PORCUPINE!"
You open the door.
Crazy Yiuf grits, "Snurf dark childish!"
You barely miss Crazy Yiuf. Crazy Yiuf barely misses you.
You barely miss Crazy Yiuf.
Crazy Yiuf hits you with a +2 quarterstaff of chaos!
You barely miss Crazy Yiuf. Crazy Yiuf hits you but does no damage.
You hit Crazy Yiuf.
Crazy Yiuf is moderately wounded.
Crazy Yiuf hits you with a +2 quarterstaff of chaos!
Crazy Yiuf screams, "Earwax!"
Crazy Yiuf hits you with a +2 quarterstaff of chaos!
You closely miss Crazy Yiuf.
Crazy Yiuf is moderately wounded.
Crazy Yiuf hits you with a +2 quarterstaff of chaos!
* * * LOW HITPOINT WARNING * * *
Crazy Yiuf burns you.
* * * LOW HITPOINT WARNING * * *
You hit Crazy Yiuf.
Crazy Yiuf is heavily wounded.
Crazy Yiuf hits you with a +2 quarterstaff of chaos!
You die...

##.#..........).)## ########
##.#......####))))# #.......
##.#......# #).))# #.######
##.#......# ♣))))♣ #.#
##.#......# ♣♣)).♣ #.#
.....##.### ♣♣.♣♣ #.#
#....##.### ♣♣.♣ #.#
.....÷....# ♣.♣♣ #.#
.###......# ♣♣@♣ ####.####
.# #..#...# ♣g♣♣ #.......#
.###......# #'# ###.......#
..##......# ... #.........#
#.##......# #...#
#....#'#### #..#....###
#)..# #....#.# ##.#....#.#
##### #....#.# #......#.#
#....#.#
###.....#.###########....#.#


You could see Crazy Yiuf.

Vanquished Creatures
  A scorpion (D:2)
  An iguana (D:2)
  2 dart slugs
  6 ball pythons
  3 bats (D:2)
  7 endoplasms
  4 giant cockroaches
  4 goblins
  2 hobgoblins (D:1)
  3 jackals (D:2)
  3 quokkas
  2 frilled lizards (D:1)
  4 kobolds
  3 rats
45 creatures vanquished.

Vanquished Creatures (others)
  163 plants (D:1)
163 creatures vanquished.

Grand Total: 208 creatures vanquished

Notes
Turn   | Place    | Note
-------+----------+-------------------------------------------
     0 | D:1      | blackman the Human Monk began the quest for the Orb.
     0 | D:1      | Reached XP level 1. HP: 18/18 MP: 1/1
    92 | D:1      | Reached XP level 2. HP: 22/24 MP: 2/2
   550 | D:1      | Reached skill level 4 in Long Blades
   550 | D:1      | Reached XP level 3. HP: 26/29 MP: 3/3
   645 | D:1      | Found a faded altar of an unknown god.
  1318 | D:2      | Noticed a scorpion
  1348 | D:2      | Killed a scorpion
  1349 | D:2      | Reached skill level 5 in Long Blades
  1349 | D:2      | Reached XP level 4. HP: 35/35 MP: 4/4
  1349 | D:2      | Reached XP level 5. HP: 41/41 MP: 5/5
  2120 | D:2      | Identified the +9 mace of Currency {vorpal, Drain rElec
                  | rF++}
  2132 | D:2      | Found a runed translucent door.
  2146 | D:2      | Noticed Crazy Yiuf
  2154 | D:2      | HP: 2/41 [Crazy Yiuf (2)]
  2156 | D:2      | Slain by Crazy Yiuf

Illustrated notes

Levels and vault maps discovered:
D:1:      roderic_crop_circles_arrival_large, layout_rooms,
          chequers_ecumenical_altar_simple, minmay_split_cup_small
D:2:      layout_basic, uniq_crazy_yiuf_cottage

Skill      XL: |  1  2  3 |
---------------+----------+-----
Long Blades    | 4 5 |  5.7
Fighting       | |  3.0
Staves         | |  0.1
Dodging        | |  3.0
Stealth        | |  2.0

Action                   |  1- 3 |  4- 6 || total
-------------------------+-------+-------++-------
Melee: Falchion          |   110 |    32 ||   142
       Punch             |     2 |     1 ||     3
       Quarterstaff      |       |     8 ||     8
  Use: Scroll            |     1 |       ||     1
       Potion            |     1 |       ||     1
 Stab: Sleeping          |     3 |       ||     3
Armor: Robe              |     4 |       ||     4
       Leather armour    |    14 |       ||    14
       Ring mail         |     7 |    11 ||    18
Dodge: Dodged            |    65 |    18 ||    83
